 Dungeon Crawl Stone Soup version 0.30-a0-377-g5cb311bc9f (webtiles) character file.

Game seed: 16647721083884190341

50031 scionoferis the Grappler (level 14, -3/133 HPs)
             Began as a Troll Earth Elementalist on Nov 30, 2022.
             Was an Elder of Sif Muna.
             Slain by a troll (8 damage)
             ... on level 1 of the Orcish Mines on Dec 1, 2022.
             The game lasted 01:17:51 (20082 turns).

scionoferis the Grappler (TrEE)                    Turns: 20082, Time: 01:17:52

Health: -3/133     AC: 19    Str: 21    XL:     14   Next: 18%
Magic:  9/20       EV: 10    Int: 13    God:    Sif Muna [****..]
Gold:   1278       SH:  8    Dex: 10    Spells: 14/15 levels left

rFire   . . .      SeeInvis .      - Unarmed
rCold   . . .      Faith    +    O - +0 kite shield
rNeg    . . .      Spirit   .    s - +0 shadow dragon scales
rPois   .          Reflect  .    Q - +1 hat {Stlth+}
rElec   .          Harm     .    R - +1 cloak
rCorr   .          Rampage  .    (gloves unavailable)
Will    ++...                    (boots unavailable)
Stlth   +++.......               l - amulet of faith
HPRegen 1.22/turn                Z - ring of willpower
MPRegen 0.17/turn                C - +4 ring of evasion

@: on death's door cooldown
A: large, unfitting armour, claws 3, regeneration 1, shaggy fur 1, tough skin 1
a: Renounce Religion, Channel Magic, Forget Spell, Divine Exegesis


You were on level 1 of the Orcish Mines.
You worshipped Sif Muna.
Sif Muna was greatly pleased with you.
You visited 4 branches of the dungeon, and saw 20 of its levels.
You also visited: Ossuary and Gauntlet.

You collected 1646 gold pieces.
You spent 368 gold pieces at shops.


Innate Abilities, Weirdness & Mutations

You are too large for most types of armour.
You have claws for hands.
Your natural rate of healing is unusually fast.
You are covered in fur. (AC +1)
You have tough skin. (AC +1)


   Skills:
 + Level 7.5 Fighting
 + Level 7.9 Throwing
 + Level 5.8 Armour
 - Level 6.7 Dodging
 - Level 1.0 Stealth
 + Level 5.8 Shields
 * Level 12.6 Unarmed Combat
 - Level 1.2 Spellcasting
 - Level 0.6 Transmutations
 - Level 2.6 Earth Magic
 * Level 10.5 Invocations
 + Level 4.9 Evocations


You had 14 spell levels left.
You knew the following spells:

 Your Spells              Type           Power      Damage    Failure   Level
a - Sandblast             Erth           14%        2d6       85%         1

Your spell library contained the following spells:

 Spells                   Type           Power      Damage    Failure   Level
 Passwall                 Tmut/Erth      4%         N/A       98%         2
 Apportation              Tloc           0%         N/A       99%         1
 Foxfire                  Conj/Fire      0%         2x1d4     99%         1
 Necrotise                Necr           0%         1d4       99%         1
 Summon Small Mammal      Summ           0%         N/A       99%         1
 Momentum Strike          Conj/Tloc      0%         3d8       100%        2
 Static Discharge         Conj/Air       0%         2-2/arc   100%        2
 Call Canine Familiar     Summ           0%         N/A       100%        3
 Hailstorm                Conj/Ice       0%         3d3       100%        3
 Mephitic Cloud           Conj/Pois/Air  0%         N/A       100%        3
 Portal Projectile        Hex/Tloc       0%         N/A       100%        3
 Stone Arrow              Conj/Erth      8%         3d7       100%        3
 Summon Guardian Golem    Hex/Summ       0%         N/A       100%        3
 Vampiric Draining        Necr           0%         2d6       100%        3
 Vhi's Electric Charge    Tloc/Air       0%         N/A       100%        3
 Cause Fear               Hex            0%         N/A       100%        4
 Leda's Liquefaction      Hex/Erth       2%         N/A       100%        4
 Petrify                  Tmut/Erth      5%         N/A       100%        4
 Sticky Flame             Conj/Fire      0%         2d3       100%        4
 Agony                    Necr           0%         N/A       100%        5
 Arcjolt                  Conj/Air       0%         1d10      100%        5
 Fireball                 Conj/Fire      0%         3d3       100%        5
 Freezing Cloud           Conj/Ice/Air   0%         6-21      100%        5
 Iskenderun's Battlesphe  Conj           0%         2d6       100%        5
 Lightning Bolt           Conj/Air       0%         1d11      100%        5
 Summon Forest            Summ/Tloc      0%         N/A       100%        5
 Simulacrum               Ice/Necr       0%         N/A       100%        6
 Dragon Form              Tmut           1%         N/A       100%        7
 Borgnjor's Revivificati  Necr           0%         N/A       100%        8
 Necromutation            Tmut/Necr      0%         N/A       100%        8
 Death's Door             Necr           0%         N/A       100%        9
 Dragon's Call            Summ           0%         N/A       100%        9
 Polar Vortex             Ice            0%         N/A       100%        9

Inventory:

Missiles
 q - 11 boomerangs
 v - 12 javelins (quivered)
 F - 13 poisoned darts
Armour
 h - a +2 robe of willpower
   (You found it on level 1 of the Lair of Beasts)
 r - the +1 robe of Elyvilon, Loving {rPois Str-4 Dex+4}
   (You found it on level 4 of the Lair of Beasts)

   Str:       It affects your strength (-4).
   Dex:       It affects your dexterity (+4).
   rPois:     It protects you from poison.
 s - +0 shadow dragon scales (worn)
   (You found it in a Gauntlet)
 D - the +0 cloak of Lucidity {rC+++ Str-4 Dex+4}
   (You found it in a Gauntlet)

   Str:       It affects your strength (-4).
   Dex:       It affects your dexterity (+4).
   rC:        It renders you almost immune to cold.
 H - a +1 robe of fire resistance
   (You found it on level 7 of the Dungeon)
 O - a +0 kite shield (worn)
   (You found it on level 8 of the Dungeon)
 Q - a +1 hat of stealth (worn)
   (You bought it in a shop on level 8 of the Dungeon)
 R - a +1 cloak (worn)
   (You bought it in a shop on level 8 of the Dungeon)
Jewellery
 i - a ring of protection from cold
   (You found it on level 1 of the Dungeon)
 l - an amulet of faith (around neck)
   (You found it on level 3 of the Lair of Beasts)
 y - a ring of positive energy
   (You found it in a Gauntlet)
 C - a +4 ring of evasion (right claw)
   (You found it on level 6 of the Dungeon)
 I - a ring of fire
   (You found it on level 7 of the Dungeon)
 K - a ring of positive energy
   (You found it on level 5 of the Lair of Beasts)
 Z - a ring of willpower (left claw)
   (You found it on level 3 of the Lair of Beasts)
Wands
 e - a wand of roots (32)
   (You found it on level 5 of the Dungeon)
 x - a wand of digging (13)
   (You took it off Pikel on level 5 of the Dungeon)
 G - a wand of mindburst (16)
   (You found it in a Gauntlet)
 N - a wand of acid (7)
   (You found it in an ossuary)
 P - a wand of paralysis (13)
   (You found it on level 8 of the Dungeon)
 S - a wand of flame (28)
   (You took it off Ijyb on level 5 of the Dungeon)
Scrolls
 c - a scroll of silence
 g - a scroll of identify
 k - a scroll of summoning
 n - 4 scrolls of teleportation
 p - a scroll of blinking
 t - 5 scrolls of fear
 z - a scroll of butterflies
Potions
 a - a potion of haste
 b - 3 potions of magic
 d - 12 potions of curing
 f - 3 potions of attraction
 j - a potion of invisibility
 u - 3 potions of heal wounds
 A - 2 potions of brilliance
 B - 2 potions of might
 T - a potion of degeneration {unknown}
 U - a potion of cancellation {unknown}
 V - a potion of berserk rage {unknown}
 W - a potion of flight {unknown}
 X - a potion of resistance {unknown}
Miscellaneous
 M - a box of beasts
   (You found it in a Gauntlet)
 Y - a condenser vane
   (You found it on level 5 of the Lair of Beasts)

Dungeon Overview and Level Annotations

Branches:
Dungeon (12/15)            Temple (1/1) D:4            Lair (5/5) D:8
  Swamp (0/4) Lair:3        Snake (0/4) Lair:3          Orc (2/2) D:11
Ossuary (visited)         Gauntlet (visited)
  Slime: Lair:4-5       Elf: Orc:2

Altars:
Ashenzari
Cheibriados
Dithmenos
Elyvilon
Fedhas
Gozag
Hepliaklqana
Kikubaaqudgha
Makhleb
Nemelex Xobeh
Okawaru
Qazlal
Ru
Sif Muna
Trog
Uskayaw
Vehumet
Wu Jian
Xom
Yredelemnul
Zin
The Shining One
Jiyva

Shops:
D:6 *   D:8 [   Orc:2 !(

Annotations:
D:10 exclusions: obsidian statue, orange crystal statue and vampire
D:12 exclusion: vampire, Erolcha
Lair:3 3 runed translucent doors, Leaxt's ghost, journeyman MiBe
Lair:4 exclusion: 2 oklob plants

.........#......#..#...###....#
..#.#..................##.....##
..###..................#.......#
.## ##.#......................##
## ##........#................#
#........##...............##
##.........#...........#.###
#...#.......#.........##.##
##..........T@.......##...#
#..........).O.....#.##.##
##)#...[..............###
##)....#............##
#.................##
##...#.....[....#####
##.#....#.).....#..##
#...#....##.........#
##.##.....##.#.....##


You could see a troll and an ogre.


Message History

You claw the orc warrior!
The orc warrior is almost dead.
The orc warrior barely misses you.
You scratch the orc warrior but do no damage.
The orc warrior is almost dead.
An orc wizard comes into view. It is wielding a +0 dagger.
The orc warrior hits you but does no damage.
The orc wizard shouts!
You claw the orc warrior!
You kill the orc warrior!
Sif Muna accepts your kill.
You mangle the orc priest!!
You kill the orc priest!
Sif Muna accepts your kill.
An orc comes into view. It is wielding a +0 club.
You scratch the orc wizard.
The orc wizard is lightly wounded.
The orc closely misses you.
The orc wizard hits you but does no damage.
Items here: ))) [.
You scratch the orc wizard.
The orc wizard is moderately wounded.
An orc priest comes into view. It is wielding a +0 trident.
The orc hits you but does no damage.
The orc wizard hits you but does no damage.
The orc priest shouts!
You claw the orc wizard!
You kill the orc wizard!
Sif Muna accepts your kill. The orc closely misses you.
You scratch the orc.
The orc is heavily wounded.
The orc barely misses you.
You claw the orc!
You kill the orc!
Sif Muna accepts your kill.
An orc wizard comes into view.
It is wielding a +0 dagger of holy wrath.
The orc priest looks encouraged for a moment. 2 orcs come into view.
Found 24 gold pieces.
The orc priest miscasts a cantrip.
The orc moves out of view.
You block the orc priest's attack.
You closely miss the orc wizard. You block the orc priest's attack.
The orc wizard hits you but does no damage.
You barely miss the orc wizard.
The orc shouts! x2
The orc priest barely misses you.
The orc wizard hits you with a +0 dagger of holy wrath.
The orc priest closely misses you. The orc wizard casts a spell at you.
The magic dart hits you but does no damage.
You scratch the orc priest but do no damage.
The orc closely misses you.
The orc priest hits you but does no damage.
The orc wizard closely misses you.
You scratch the orc priest.
The orc priest is moderately wounded.
You block the orc's attack.
The orc wizard hits you but does no damage.
You block the orc priest's attack.
You mangle the orc priest!!
You kill the orc priest!
Sif Muna accepts your kill. You block the orc's attack.
The orc wizard hits you but does no damage.
You barely miss the orc wizard. The orc hits you but does no damage. x2
You block the orc wizard's attack.
You mangle the orc wizard!!
You kill the orc wizard!
Sif Muna accepts your kill. You block the orc's attack.
The orc hits you with a +0 whip.
You claw the orc!
You kill the orc!
Sif Muna accepts your kill. The orc hits you with a +0 whip.
You claw the orc!
You kill the orc!
Sif Muna accepts your kill.
No target in view!
No target in view!
HP restored.
Things that are here:
a +0 dagger of holy wrath; a +0 robe; an orc corpse You now have 890 gold pieces (gained 23).
Found a stone staircase leading down.
A warg comes into view.
An ogre comes into view. It is wielding a +0 giant club.
An orc wizard comes into view. It is wielding a +0 dagger.
The orc wizard shouts!
An orc comes into view. It is wielding a +0 short sword.
An orc comes into view. It is wielding a +0 mace.
You mangle the ogre!!
The ogre is severely wounded.
The ogre hits you with a +0 giant club.
The orc shouts!
You mangle the ogre!!
You kill the ogre!
Sif Muna accepts your kill.
The orc shouts!
You claw the orc wizard!
You kill the orc wizard!
Sif Muna accepts your kill.
You see here Sif Muna's Tractate on Arenous Blasts {god gift}.
Sif Muna grants you a gift!
You swing at nothing.
You swing at nothing.
Unknown command.
You pick up Sif Muna's Tractate on Arenous Blasts {god gift} and begin reading...
You add the spells Hailstorm, Sticky Flame, Leda's Liquefaction, Iskenderun's Battlesphere and Fireball to your library.
The warg howls!
You closely miss the orc. The orc hits you with a +0 mace.
You claw the orc!
You kill the orc!
Sif Muna accepts your kill.
You closely miss the orc. The orc closely misses you.
You claw the orc!
You kill the orc!
Sif Muna accepts your kill.
You claw the warg!
The warg is heavily wounded.
The warg closely misses you. x2
You claw the warg!
The warg is almost dead.
You block the warg's attack.
You claw the warg!
You kill the warg!
Sif Muna accepts your kill.
Items here: )))) [[ †.
You now have 915 gold pieces (gained 25).
You now have 933 gold pieces (gained 18).
You now have 957 gold pieces (gained 24).
You now have 987 gold pieces (gained 30).
An orc warrior comes into view.
It is wielding a +0 glaive. 2 orcs come into view.
Found 24 gold pieces.
Found 30 gold pieces.
The helpless orc warrior fails to defend itself.
You scratch the orc warrior.
The orc warrior is lightly wounded.
You mangle the orc warrior!!
You kill the orc warrior!
Sif Muna accepts your kill.
You hear a shout! x3
You block the orc's attack.
Things that are here:
a +0 glaive; a +0 chain mail; an orc corpse You mangle the orc!!
You kill the orc!
Sif Muna accepts your kill.
You mangle the orc!!
You kill the orc!
Sif Muna accepts your kill.
No target in view!
An orc comes into view. It is wielding a +0 falchion.
Things that are here:
a +0 mace; a +0 short sword; an orc corpse An orc is nearby!
A troll comes into view.
Found a stone staircase leading down.
You mangle the orc!!
You kill the orc!
Sif Muna accepts your kill.
You barely miss the troll. You block the troll's attack.
The troll barely misses you. The troll claws you but does no damage.
You scratch the troll.
The troll is lightly wounded.
The troll barely misses you. You block the troll's attack. The troll claws you!
You mangle the troll!!
The troll is heavily wounded.
You block the troll's attack. The troll claws you but does no damage.
You block the troll's attack.
You scratch the troll.
The troll is heavily wounded.
You mangle the troll!!
You kill the troll!
Sif Muna accepts your kill.
No target in view!
An ogre comes into view. It is wielding a +0 giant spiked club.
Things that are here:
a +0 falchion; a +0 ring mail; an orc corpse An orc warrior comes into view.
It is wielding a +0 mace and quivering boomerangs of dispersal.
The orc warrior shouts!
The orc warrior throws a boomerang of dispersal.
You block the boomerang of dispersal.
An orc comes into view. It is wielding a +0 hand axe.
The orc warrior hits you with a +0 mace.
The ogre shouts!
You scratch the orc warrior but do no damage.
You block the orc warrior's attack.
You closely miss the orc warrior. You block the orc warrior's attack.
You claw the orc warrior!
The orc warrior is moderately wounded.
The orc hits you with a +0 hand axe.
The orc warrior hits you but does no damage.
You mangle the orc warrior!!
You kill the orc warrior!
Sif Muna accepts your kill.
You scratch the orc.
The orc is heavily wounded.
The orc hits you but does no damage.
You closely miss the orc.
The orc is heavily wounded.
The ogre barely misses you. The orc hits you with a +0 hand axe.
You scratch the orc.
You kill the orc!
Sif Muna accepts your kill. You block the ogre's attack.
You mangle the ogre!!
You kill the ogre!
Sif Muna accepts your kill.
No target in view!
Items here: ( )) [ †.
You now have 1011 gold pieces (gained 24).
You now have 1041 gold pieces (gained 30).
Items here: ( )) [ †.
You now have 1069 gold pieces (gained 28).
You now have 1094 gold pieces (gained 25).
You now have 1118 gold pieces (gained 24).
There is a staircase back to the Dungeon, spattered with blood here.
Things that are here:
a +0 dagger; a +0 robe; an orc skeleton
Items here: ))) [.
Items here: )))) [[ †.
You now have 1131 gold pieces (gained 13).
You now have 1143 gold pieces (gained 12).
An orc comes into view. It is wielding a +0 club.
An orc is nearby!
An orc warrior and an orc priest come into view.
Found a stone staircase leading down.
The orc warrior shouts!
The orc priest shouts!
You hear a shout! x3
An orc comes into view. It is wielding a +0 whip.
An orc wizard comes into view. It is wielding a +0 dagger.
The orc shouts!
You hear a shout!
You hear a howl!
You hear a shout! x2
The orc warrior hits you with a +0 hand axe.
An orc warrior comes into view. It is wielding a +0 scimitar.
The teleport trap disappears.
The orc disappears!
You block the orc priest's attack.
You scratch the orc priest.
The orc priest is lightly wounded.
The orc warrior barely misses you.
An orc comes into view. It is wielding a +0 dagger.
The orc priest barely misses you.
You claw the orc priest!
The orc priest is severely wounded.
The orc warrior hits you with a +0 hand axe.
The orc priest hits you but does no damage.
You scratch the orc priest but do no damage.
The orc priest is severely wounded.
You block the orc warrior's attack.
An orc comes into view. It is wielding a +0 whip.
An orc priest comes into view. It is wielding a +0 hand axe.
The orc priest calls down the wrath of Beogh upon you.
You easily resist.
You barely miss the orc priest.
The orc priest is severely wounded.
The orc warrior completely misses you.
An orc comes into view. It is wielding a +0 whip.
You block the orc priest's attack. The orc hits you with a +0 whip.
The orc shouts!
You mangle the orc priest!!
You kill the orc priest!
Sif Muna accepts your kill.
You hear a shout!
You hear a howl!
The orc warrior attacks as you move away!
The orc warrior hits you with a +0 hand axe.
The orc priest looks braver for a moment.
The orc warrior attacks as you move away!
You block the orc warrior's attack.
The orc wizard attacks as you move away!
You block the orc wizard's attack.
The orc shouts!
The orc priest calls down the wrath of Beogh upon you.
Beogh smites you!
The orc warrior attacks as you move away!
The orc warrior hits you with a +0 hand axe.
The orc warrior attacks as you move away!
The orc warrior barely misses you. The orc barely misses you.
The orc warrior attacks as you move away!
The orc warrior hits you with a +0 hand axe.
The orc warrior attacks as you move away!
You block the orc warrior's attack.
You barely miss the orc warrior. The orc warrior closely misses you.
You barely miss the orc warrior. You block the orc warrior's attack.
You barely miss the orc warrior. The orc warrior closely misses you.
You mangle the orc warrior!!
The orc warrior is severely wounded.
The orc warrior closely misses you.
You scratch the orc warrior but do no damage.
The orc warrior is severely wounded.
The orc warrior hits you with a +0 hand axe.
You scratch the orc warrior but do no damage.
The orc warrior is severely wounded.
The orc priest miscasts a cantrip.
The orc warrior hits you with a +0 hand axe.
You mangle the orc warrior!!
You kill the orc warrior!
Sif Muna accepts your kill.
You barely miss the orc. You barely miss the orc.
The orc hits you with a +0 dagger.
You claw the orc!
You kill the orc!
Sif Muna accepts your kill.
You closely miss the orc. You scratch the orc wizard.
The orc wizard is lightly wounded.
You claw the orc wizard!
The orc wizard is heavily wounded.
The orc priest calls down the wrath of Beogh upon you.
Beogh smites you!
You barely miss the orc warrior. You mangle the orc warrior!!
The orc warrior is almost dead.
You block the orc warrior's attack.
You scratch the orc warrior but do no damage.
The orc warrior is almost dead.
The orc warrior hits you but does no damage.
You mangle the orc warrior!!
You kill the orc warrior!
Sif Muna accepts your kill.
The orc wizard casts a spell.
The orc wizard flickers and vanishes!
Deactivating autopickup; reactivate with Ctrl-A.
You have reached level 14!
You mangle the orc!!
You kill the orc!
Sif Muna accepts your kill.
You miss something. You miss something. Something hits you but does no damage.
You scratch something. Something hits you but does no damage.
You scratch something but do no damage.
You hear some strange, mumbled words.
Something tries to affect you, but you resist.
You miss something. Something hits you.
The orc priest looks satisfied for a moment.
You scratch something. Sif Muna accepts your kill.
Reactivating autopickup.
You feel a bit more experienced.
You barely miss the orc. The orc hits you but does no damage.
The orc priest mumbles some strange prayers to Beogh against you.
Beogh smites you!
You barely miss the orc. You block the orc's attack.
You closely miss the orc. You block the orc's attack.
You barely miss the orc. The orc barely misses you.
You scratch the orc.
The orc is almost dead.
You mangle the orc!!
You kill the orc!
Sif Muna accepts your kill.
You scratch the orc.
The orc is severely wounded.
The orc hits you but does no damage.
You barely miss the orc.
The orc is severely wounded.
You block the orc's attack.
You closely miss the orc.
The orc is severely wounded.
The orc priest calls upon Beogh to heal the orc.
The orc is healed somewhat.
The orc barely misses you.
You closely miss the orc.
The orc is lightly wounded.
You block the orc's attack.
You barely miss the orc.
The orc is lightly wounded.
You block the orc's attack.
You scratch the orc.
The orc is heavily wounded.
The orc hits you with a +0 whip.
You claw the orc!
You kill the orc!
Sif Muna accepts your kill.
You barely miss the orc. You mangle the orc!!
You kill the orc!
Sif Muna accepts your kill.
You mangle the orc priest!!
You kill the orc priest!
Sif Muna accepts your kill.
No target in view!
You now have 1257 gold pieces (gained 114).
Items here: ))))))))) [[[[[ †††††.
A warg comes into view.
An orc wizard comes into view.
It is wielding a +0 dagger and wearing a +1 robe of cold resistance.
The warg bites you but does no damage.
The orc wizard moves out of view.
You claw the warg!
The warg is moderately wounded.
The warg bites you! x2
The orc wizard shouts!
You scratch the warg.
The warg is moderately wounded.
The warg completely misses you.
You claw the warg!
The warg is severely wounded.
The orc wizard casts a spell.
The orc wizard flickers and vanishes!
Deactivating autopickup; reactivate with Ctrl-A.
You block the warg's attack.
You closely miss the warg.
The warg is severely wounded.
You block the warg's attack.
You mangle the warg!!
You kill the warg!
Sif Muna accepts your kill.
Something tries to affect you, but you resist.
No target in view!
No target in view!
No target in view!
You scratch something but do no damage. Something hits you but does no damage.
You scratch something. You mangle something!! Sif Muna accepts your kill.
Reactivating autopickup.
You feel a bit more experienced.
Things that are here:
a +0 dagger; a +1 robe of cold resistance You now have 1278 gold pieces (gained 21).
Done exploring.
Done exploring.
Items here: ))))))))) [[[[[ †††††.
There is a stone staircase leading down here.
Search for what [Enter for "orc", or ? for help]? orc Unknown command.
You climb downwards.
You feel an oppressive heat about you.
There is an entrance to a volcano on this level.
Hurry and find it before the entrance collapses!
The orc shouts!
The orc wizard shouts!
The orc knight shouts!
The orc wizard shouts!
The orc shouts!
You hear a shout! x2; The orc shouts!
The ogre shouts!
The orc shouts! x3; You hear a shout! x4
Found 32 gold pieces.
Found Vugim's Distillery.
There is a stone staircase leading up here.
The orc warrior shouts!
The orc shouts! x2
You claw the orc!
You kill the orc!
Sif Muna accepts your kill.
You hear a shout! x2
You claw the orc!
You kill the orc!
Sif Muna accepts your kill.
The orc wizard casts a spell.
The orc wizard flickers and vanishes!
Deactivating autopickup; reactivate with Ctrl-A.
An orc wizard comes into view. It is wielding a +0 dagger.
You scratch the orc wizard.
The orc wizard is moderately wounded.
An orc high priest comes into view. It is wielding a +0 dire flail.
You scratch the orc wizard.
The orc wizard is heavily wounded.
An orc warrior comes into view. It is wielding a +0 long sword.
The orc hits you but does no damage.
The orc warrior throws a boomerang.
The boomerang barely misses you.
The orc knight roars a battlecry!
The orcs go into a battle-frenzy!
An orc comes into view. It is wielding a +0 club.
The orc wizard barely misses you. You block the orc's attack.
The orc warrior closely misses you.
The orc knight roars a battlecry!
The orcs go into a battle-frenzy!
You climb upwards.
Reactivating autopickup.
There is a stone staircase leading down here.
You scratch the orc.
The orc is heavily wounded.
The orc knight barely misses you.
The orc wizard hits you with a +0 dagger.
You block the orc's attack.
You barely miss the orc wizard.
The orc wizard is heavily wounded.
The orc knight hits you with a +2 war axe!
The orc wizard closely misses you. The orc completely misses you.
Unknown command.
You closely miss the orc wizard.
The orc wizard is heavily wounded.
You block the orc knight's attack. You block the orc wizard's attack.
You block the orc's attack.
You claw the orc wizard!
You kill the orc wizard!
Sif Muna accepts your kill.
The orc knight hits you but does no damage.
You block the orc's attack.
You mangle the orc!!
You kill the orc!
Sif Muna accepts your kill. You block the orc knight's attack.
You claw the orc knight!
The orc knight is moderately wounded.
You scratch the orc knight.
The orc knight is moderately wounded.
The orc knight hits you with a +2 war axe!
You scratch the orc knight.
The orc knight is moderately wounded.
The orc knight hits you with a +2 war axe!
You scratch the orc knight.
The orc knight is moderately wounded.
The orc knight misses you.
You barely miss the orc knight.
The orc knight is moderately wounded.
The orc knight hits you with a +2 war axe.
You scratch the orc knight but do no damage.
The orc knight is moderately wounded.
The orc knight hits you but does no damage.
You mangle the orc knight!!
The orc knight is heavily wounded.
The orc knight hits you with a +2 war axe.
You mangle the orc knight!!
The orc knight is almost dead.
You closely miss the orc knight.
The orc knight is almost dead.
The orc knight hits you with a +2 war axe!
You claw the orc knight!
You kill the orc knight!
Sif Muna accepts your kill.
Things that are here:
a +2 war axe; a +0 chain mail
Things that are here:
a +0 dagger; a +0 robe; an orc corpse
Things that are here:
a +0 hand axe; an orc corpse
There is a stone staircase leading down, spattered with blood here.
You climb downwards.
You feel an oppressive heat about you.
There is an entrance to a volcano on this level.
Hurry and find it before the entrance collapses!
You block the orc's attack. The orc warrior barely misses you.
The orc hits you but does no damage. You block the orc's attack.
The orc high priest mumbles some strange prayers to Beogh.
The orc warrior hits you from afar with a +2 glaive of venom.
The orc hits you with a +0 hand axe. The orc barely misses you.
The orc hits you but does no damage. x2
An orc warrior comes into view. It is wielding a +0 halberd.
The orc warrior shouts!
There is a stone staircase leading up here.
The orc shouts!
The ogre hits you with a +0 giant club! The orc closely misses you. x2
You block the orc's attack. The orc hits you but does no damage. x3
The orc closely misses you.
The orc warrior hits you from afar with a +2 glaive of venom!
The orc shouts!
You climb upwards.
There is a stone staircase leading down, spattered with blood here.
You scratch the ogre.
The ogre is moderately wounded.
You block the orc's attack. x2; The orc hits you but does no damage.
The orc closely misses you. The orc hits you but does no damage.
The orc closely misses you.
You mangle the ogre!!
You kill the ogre!
Sif Muna accepts your kill. The orc attacks as you move away!
The orc hits you but does no damage. The orc attacks as you move away!
You block the orc's attack. x2
The orc barely misses you.
Things that are here:
a +0 giant club; an ogre corpse You mangle the orc!!
You kill the orc!
Sif Muna accepts your kill.
You block the orc's attack. x2; The orc closely misses you.
You scratch the orc.
The orc is heavily wounded.
The orc hits you with a +0 dagger. x2; The orc hits you with a +0 club.
You mangle the orc!!
You kill the orc!
Sif Muna accepts your kill. The orc hits you but does no damage.
The orc hits you with a +0 dagger. You block the orc's attack.
The orc hits you but does no damage.
You claw the orc!
You kill the orc!
Sif Muna accepts your kill. You block the orc's attack.
The orc hits you but does no damage. x2
The orc misses you.
You claw the orc!
You kill the orc!
Sif Muna accepts your kill. You block the orc's attack.
The orc closely misses you. x2
You claw the orc!
You kill the orc!
Sif Muna accepts your kill. The orc barely misses you.
The orc hits you but does no damage.
You claw the orc!
You kill the orc!
Sif Muna accepts your kill. The orc hits you but does no damage.
You scratch the orc.
The orc is moderately wounded.
You block the orc's attack.
You closely miss the orc.
The orc is moderately wounded.
The orc hits you but does no damage.
You closely miss the orc.
The orc is moderately wounded.
You block the orc's attack.
You mangle the orc!!
You kill the orc!
Sif Muna accepts your kill.
There is a stone staircase leading down, spattered with blood here.
Items here: ))) [ ††.
Things that are here:
a +0 giant club; an ogre corpse
There is a stone staircase leading down here.
You climb downwards.
You feel an oppressive heat about you.
There is an entrance to a volcano on this level.
Hurry and find it before the entrance collapses!
You hear the slow rumble of a distant avalanche of rocks.
The orc wizard shouts!
The orc warrior shouts!
The orc wizard shouts!
You hear a shout!
Found 25 gold pieces.
Found a roughly hewn altar of Beogh.
There is a stone staircase leading up here.
Okay, then.
Unknown command.
An orc comes into view.
It is wielding a +0 hand axe of flaming.
The orc shouts!
You closely miss the orc wizard. You block the orc wizard's attack.
You claw the orc wizard!
The orc wizard is severely wounded.
The orc wizard closely misses you.
You claw the orc wizard!
You kill the orc wizard!
Sif Muna accepts your kill.
You barely miss the orc wizard.
The orc warrior hits you but does no damage.
You block the orc warrior's attack.
You mangle the orc wizard!!
You kill the orc wizard!
Sif Muna accepts your kill. The orc warrior misses you.
You block the orc warrior's attack.
You claw the orc warrior!
The orc warrior is heavily wounded.
You block the orc's attack. The orc warrior misses you.
The orc warrior closely misses you.
You claw the orc warrior!
You kill the orc warrior!
Sif Muna accepts your kill. The orc barely misses you.
You block the orc warrior's attack. The orc hits you but does no damage.
The orc warrior closely misses you.
Things that are here:
a +0 war axe; a +0 chain mail; an orc corpse You scratch the orc warrior.
The orc warrior is moderately wounded.
You barely miss the orc warrior.
The orc warrior is moderately wounded.
The orc hits you but does no damage. You block the orc warrior's attack.
You mangle the orc warrior!!
You kill the orc warrior!
Sif Muna accepts your kill. You block the orc's attack.
You block the orc's attack.
Things that are here:
a +0 halberd; 3 boomerangs; a +0 plate armour You mangle the orc!!
You kill the orc!
Sif Muna accepts your kill.
Things that are here:
a +0 hand axe of flaming; a +0 dagger; a +0 robe 2 ogres come into view.
A two-headed ogre and an ogre come into view.
Found Nivuhudgh's Weapon Shop.
The two-headed ogre shouts in stereo!
You hear a shout!
You hear two shouts!
You hear a shout! x4
A two-headed ogre comes into view. It is wielding two +0 giant clubs.
An ogre comes into view. It is wielding a +0 giant spiked club.
The two-headed ogre attacks as you move away!
The two-headed ogre barely misses you.
The two-headed ogre hits you with a +0 giant spiked club!
You mangle the two-headed ogre!!
The two-headed ogre is heavily wounded.
The two-headed ogre hits you with a +0 dire flail!
The two-headed ogre closely misses you.
You mangle the two-headed ogre!!
The two-headed ogre is almost dead.
You block the two-headed ogre's attack.
The two-headed ogre hits you with a +0 giant spiked club!
You mangle the two-headed ogre!!
You kill the two-headed ogre!
Sif Muna accepts your kill. The ogre hits you with a +0 giant club.
Things that are here:
a +0 dire flail; a +0 giant spiked club; a two-headed ogre corpse The ogre shouts!
You scratch the ogre.
The ogre is lightly wounded.
You hear a shout!
A two-headed ogre comes into view.
It is wielding a +0 giant spiked club and a +0 giant club.
The ogre hits you but does no damage.
The two-headed ogre shouts in stereo!
You claw the ogre!
The ogre is heavily wounded.
You hear two shouts! x2; You hear a shout!
You scratch the ogre.
The ogre is heavily wounded.
The ogre closely misses you.
You claw the ogre!
The ogre is almost dead.
A two-headed ogre comes into view. It is wielding two +0 giant clubs.
You block the ogre's attack.
You mangle the ogre!!
You kill the ogre!
Sif Muna accepts your kill.
You mangle the ogre!!
The ogre is severely wounded.
You block the ogre's attack.
You mangle the ogre!!
You kill the ogre!
Sif Muna accepts your kill.
You claw the two-headed ogre!
The two-headed ogre is lightly wounded.
The two-headed ogre hits you with a +0 giant spiked club.
The two-headed ogre hits you with a +0 giant club!
A troll comes into view.
You completely miss the two-headed ogre.
The two-headed ogre is lightly wounded.
You hear the rumble of a distant avalanche of rocks.
You claw the two-headed ogre!
The two-headed ogre is heavily wounded.
The two-headed ogre hits you but does no damage.
You block the two-headed ogre's attack.
You mangle the two-headed ogre!!
The two-headed ogre is almost dead.
You mangle the two-headed ogre!!
You kill the two-headed ogre!
Sif Muna accepts your kill.
You claw the two-headed ogre!
The two-headed ogre is lightly wounded.
The two-headed ogre hits you but does no damage.
You block the two-headed ogre's attack.
You mangle the two-headed ogre!!
The two-headed ogre is severely wounded.
You hear a shout! x4
You mangle the two-headed ogre!!
You kill the two-headed ogre!
Sif Muna accepts your kill.
You closely miss the troll. The troll bites you.
The troll claws you but does no damage. You block the troll's attack.
A deep troll comes into view.
You mangle the troll!!
The troll is severely wounded.
An ogre comes into view. It is wielding a +0 giant spiked club.
You scratch the deep troll but do no damage.
You barely miss the deep troll. You scratch the deep troll.
The deep troll is lightly wounded.
The deep troll bites you but does no damage.
The deep troll claws you but does no damage.
The deep troll claws you!
A troll comes into view.
You mangle the deep troll!!
The deep troll is heavily wounded.
The deep troll barely misses you.
The deep troll claws you but does no damage.
You block the deep troll's attack.
You scratch the deep troll.
The deep troll is heavily wounded.
The deep troll bites you! The deep troll claws you!
The deep troll barely misses you.
You barely miss the deep troll.
The deep troll is heavily wounded.
The deep troll barely misses you. The deep troll claws you.
The deep troll claws you!
You mangle the deep troll!!
The deep troll is severely wounded.
You hear a shout!
The deep troll misses you. The deep troll claws you. x2
You hear a shout! x4; You hear two shouts!
You hear a shout!
You scratch the deep troll.
The deep troll is almost dead.
You mangle the deep troll!!
You kill the deep troll!
Sif Muna accepts your kill.
You closely miss the troll.
The troll is heavily wounded.
The troll bites you! You block the troll's attack. x2
You mangle the troll!!
You kill the troll!
Sif Muna accepts your kill.
You completely miss the troll.
A troll comes into view. x2
The troll bites you.
* * * LOW HITPOINT WARNING * * *
The troll claws you!
* * * LOW HITPOINT WARNING * * *
The troll claws you but does no damage.
A cyclops comes into view.
You are confused.
You feel invigorated. The troll bites you but does no damage.
The troll claws you but does no damage. The troll barely misses you.
You mangle the troll!!
The troll is severely wounded.
The troll bites you but does no damage. The troll barely misses you.
The troll closely misses you.
You bump into the rock wall.
The troll bites you! The troll claws you.
* * * LOW HITPOINT WARNING * * *
The troll claws you but does no damage.
You claw the troll!
You kill the troll!
Sif Muna accepts your kill.
You barely miss the ogre. The ogre closely misses you.
You enter a dispersal trap!
The ogre blinks! x2; You blink.
You feel less invigorated.
You feel less confused.
A troll comes into view.
The troll shouts!
You scratch the cyclops.
The cyclops is lightly wounded.
The cyclops hits you!
You hear two shouts!
You barely miss the cyclops.
The cyclops is lightly wounded.
You hear a shout! x2
You mangle the cyclops!!
The cyclops is severely wounded.
You hear a shout!
The cyclops hits you but does no damage.
An ogre comes into view. It is wielding a +0 giant club.
You hear two shouts!
You hear a shout!
You mangle the cyclops!!
You kill the cyclops!
Sif Muna accepts your kill.
You scratch the troll but do no damage. You barely miss the troll.
The troll barely misses you. The troll claws you. You block the troll's attack.
You claw the troll!
The troll is moderately wounded.
The troll bites you. The troll claws you but does no damage.
The troll misses you.
You barely miss the troll.
The troll is moderately wounded.
The troll bites you but does no damage.
The troll claws you but does no damage. x2
You mangle the troll!!
The troll is severely wounded.
You block the troll's attack. The troll barely misses you.
The troll closely misses you.
You mangle the troll!!
You kill the troll!
Sif Muna accepts your kill.
You barely miss the ogre. You barely miss the ogre.
You block the ogre's attack.
The ogre hits you with a +0 giant club!!
* * * LOW HITPOINT WARNING * * *
You claw the ogre!
The ogre is moderately wounded.
The ogre hits you with a +0 giant spiked club!
* * * LOW HITPOINT WARNING * * *
Unknown command.
You stand defiantly in death's doorway!
You seem to hear sand running through an hourglass...
The ogre hits you with a +0 giant club.
You barely miss the ogre.
The ogre is moderately wounded.
The ogre hits you with a +0 giant spiked club.
You claw the ogre!
The ogre is severely wounded.
The ogre barely misses you.
You barely miss the ogre.
The ogre is severely wounded.
The ogre hits you but does no damage. The ogre barely misses you.
You claw the ogre!
The ogre is almost dead.
You claw the ogre!
You kill the ogre!
Sif Muna accepts your kill. The ogre completely misses you.
You scratch the ogre.
The ogre is lightly wounded.
You scratch the ogre.
The ogre is lightly wounded.
The ogre hits you with a +0 giant club.
You barely miss the ogre.
The ogre is lightly wounded.
Your time is quickly running out!
You claw the ogre!
The ogre is severely wounded.
The ogre misses you.
You claw the ogre!
The ogre is almost dead.
You block the ogre's attack.
You scratch the ogre.
You kill the ogre!
Sif Muna accepts your kill.
You barely miss the troll. You block the troll's attack. x2
The troll barely misses you.
You barely miss the troll.
You hear the rumble of a very distant avalanche of rocks.
The troll bites you but does no damage. You block the troll's attack.
The troll barely misses you.
You claw the troll!
The troll is moderately wounded.
You block the troll's attack. The troll closely misses you.
The troll claws you but does no damage.
You claw the troll!
The troll is severely wounded.
The troll misses you. You block the troll's attack. x2
You scratch the troll but do no damage.
The troll is severely wounded.
You scratch the troll.
The troll is almost dead.
You block the troll's attack. x2; The troll barely misses you.
You mangle the troll!!
You kill the troll!
Sif Muna accepts your kill.
Your life is in your own hands again!
You mangle the ogre!!
The ogre is severely wounded.
The ogre closely misses you.
You mangle the ogre!!
You kill the ogre!
Sif Muna accepts your kill.
You step away from death's doorway.
As you read the scroll of fear, it crumbles to dust.
You assume a fearsome visage.
The troll looks frightened!
Items here: ( )) ††††††.
An ogre and a troll come into view.
A troll comes into view.
The ogre moves out of view.
Items here: )))))))) †††††.
An ogre mage comes into view. It is wielding a +0 flail.
The ogre mage shouts!
You hear a shout! x2
An ogre comes into view. It is wielding a +0 giant club.
The ogre shouts!
You claw the ogre!
The ogre is heavily wounded.
You hear two shouts!
You hear a shout!
You block the ogre's attack.
A two-headed ogre comes into view.
It is wielding a +0 giant club and a +0 dire flail.
As you read the scroll of fear, it crumbles to dust.
You assume a fearsome visage.
The ogre looks frightened!
The ogre mage resists with some effort.
The two-headed ogre shouts in stereo!
The two-headed ogre resists with some effort.
The troll looks frightened! x2
You hear a shout!
Aiming: Paralyse
Press: ? - help, Shift-Dir - straight line, f - ogre mage
Aim: an ogre mage, wielding a +0 flail and wearing a +0 robe (chance to affect: 14%)
Okay, then.
Unknown command.
Unknown command.
You stand defiantly in death's doorway!
You seem to hear sand running through an hourglass...
Sif Muna will no longer gift you books.
You hear a shout!
The troll seems to regain its courage.
An ogre comes into view. It is wielding a +0 giant club.
The ogre mage casts a spell at you. You resist with almost no effort.
An ogre comes into view. It is wielding a +0 giant club.
The ogre mage hits you with a +0 flail.
The ogre shouts!
The troll bites you but does no damage. The troll closely misses you. x2
The troll attacks as you move away! The troll closely misses you.
The troll misses you. The troll claws you but does no damage.
A two-headed ogre comes into view.
It is wielding a +0 giant club and a +0 giant spiked club.
A cyclops comes into view.
The troll attacks as you move away! The troll bites you but does no damage.
The troll claws you but does no damage. You block the troll's attack.
The ogre closely misses you.
An ettin comes into view. It is wielding two +0 dire flails.
The two-headed ogre hits you but does no damage.
The two-headed ogre hits you with a +0 dire flail.
The ogre barely misses you.
There is a stone staircase leading up here.
The troll bites you but does no damage. The troll barely misses you. x2
You climb upwards.
There is a stone staircase leading down here.
You barely miss the two-headed ogre. The ogre closely misses you.
The two-headed ogre barely misses you.
The two-headed ogre hits you with a +0 dire flail!
You block the troll's attack. The troll claws you.
You block the troll's attack.
You scratch the two-headed ogre.
The two-headed ogre is lightly wounded.
Your time is quickly running out!
The ogre closely misses you. You block the two-headed ogre's attack.
The two-headed ogre hits you but does no damage.
The troll barely misses you. x2; The troll claws you.
You mangle the two-headed ogre!!
The two-headed ogre is moderately wounded.
The troll bites you but does no damage. You block the troll's attack.
The troll claws you but does no damage.
You scratch the two-headed ogre.
The two-headed ogre is heavily wounded.
You block the ogre's attack. You block the two-headed ogre's attack.
The two-headed ogre closely misses you.
You scratch the two-headed ogre but do no damage.
The two-headed ogre is heavily wounded.
You block the troll's attack. The troll claws you but does no damage.
The troll claws you.
You claw the two-headed ogre!
The two-headed ogre is heavily wounded.
You block the ogre's attack.
The two-headed ogre hits you with a +0 giant club!
The two-headed ogre closely misses you. The troll closely misses you.
The troll barely misses you. x2
You claw the two-headed ogre!
The two-headed ogre is severely wounded.
You block the troll's attack. The troll claws you but does no damage.
The troll claws you!
You mangle the two-headed ogre!!
You kill the two-headed ogre!
Sif Muna accepts your kill.
Your life is in your own hands again!
The ogre barely misses you. The troll bites you!
You die...

Skill      XL: |  1  2  3  4  5  6  7  8  9 10 11 12 13 |
---------------+----------------------------------------+-----
Unarmed Combat | 1 2 3 4 5 6 8 9 10 11 12 | 12.6
Dodging        | 2 3 4 5 6 |  6.7
Fighting       | 1 2 3 4 5 6 7 |  7.5
Throwing       | 1 2 3 4 5 6 7 |  7.9
Invocations    | 2 3 5 7 8 9 10 | 10.5
Shields        | 1 3 4 5 |  5.8
Evocations     | 1 2 3 4 |  4.9
Armour         | 2 3 5 |  5.8
Stealth        | |  1.0
Spellcasting   | |  1.2
Transmutations | |  0.6
Earth Magic    | |  2.6

Action                   |  1- 3 |  4- 6 |  7- 9 | 10-12 | 13-15 || total
-------------------------+-------+-------+-------+-------+-------++-------
Melee: Unarmed           |   105 |   143 |   313 |   868 |   588 ||  2017
       Punch             |       |     2 |    12 |       |       ||    14
Throw: Boomerang         |       |     3 |    16 |    44 |    54 ||   117
       Dart              |       |       |       |    27 |    24 ||    51
       Javelin           |       |       |       |       |    22 ||    22
 Cast: Dragon's Call     |       |       |       |     1 |       ||     1
       Death's Door      |       |       |       |       |     2 ||     2
Invok: Divine Exegesis   |       |       |       |     1 |     2 ||     3
Evoke: Wand              |       |       |       |     7 |     1 ||     8
  Use: Scroll            |     6 |       |     3 |    10 |     4 ||    23
       Potion            |       |       |     4 |     2 |     1 ||     7
 Stab: Sleeping          |     6 |     1 |     2 |    13 |     1 ||    23
       Distracted        |       |       |       |     1 |       ||     1
       Paralysed         |       |       |       |     1 |       ||     1
Armor: Robe              |    22 |    30 |    48 |    43 |       ||   143
       Troll leather arm |       |       |       |    96 |       ||    96
       Shadow dragon sca |       |       |       |    26 |   224 ||   250
Dodge: Dodged            |    52 |    69 |   175 |   484 |   210 ||   990
Block: Kite shield       |       |       |       |   294 |   222 ||   516

Levels and vault maps discovered:
D:1:      psy_arrival_spokes, layout_basic
D:2:      layout_basic, eino_tiny_chamber, kennysheep_small_spiral,
          minmay_misc_feat_rugged, kennysheep_pointless_box
D:3:      layout_loops_ring, shapermc_ecumenical_altar_starsandcircs,
          serial_aquarium, aquarium_bridge_straight [aquarium_subvault_bridge,
          aquarium_subvault_wall, aquarium_subvault_bridge,
          aquarium_subvault_wall], aquarium_window_2, aquarium_window_fake,
          aquarium_window_corridor_1, aquarium_view_2d, aquarium_view_2f,
          aquarium_pool_five, minmay_strange_pillars
D:4:      layout_gridville, nicolae_overflow_hallway_of_the_gods,
          minmay_temple_entry_hall, roderic_cross_of_infinity,
          nicolae_grassy_gnolls
D:5:      layout_basic, minmay_misc_feat_more_columns, serial_bayou_lagoon_a,
          uniq_pikel, uniq_sigmund, uniq_ijyb, uniq_eustachio
D:6:      layout_gridville, serial_shops, nicolae_shop_behind_doors
D:7:      layout_basic, nicolae_ossuary_entry_false_entrances,
          chequers_mini_garden
D:8:      layout_rooms, lair_entry_dummy, serial_shops, shop,
          serial_corexii_hall, chequers_hall_statues_corner_a,
          chequers_hall_statues_corner_a
D:9:      layout_long_grid
D:10:     layout_big_octagon, lemuel_crystal_altar, vehumet_crystals,
          glass_columns_a, minivault_16, minmay_statue_bubble
D:11:     layout_roguey, hiddenorc1_lemuel, kb_lookout_dungeons_type
D:12:     layout_basic, uniq_erolcha
Temple:   hellmonk_temple_two_chambers
Lair:1:   layout_regular_city, nicolae_lair_grazing_beasts
          [nicolae_sub_lair_graze_edge, nicolae_sub_lair_graze_edge,
          nicolae_sub_lair_graze_edge, nicolae_sub_lair_graze_edge],
          lemuel_fruit_tree
Lair:2:   layout_cave_pods, gauntlet_entry_generic,
          nicolae_quartered_pool_super, grunt_megastairs_1,
          infiniplex_staircase_pool_2
Lair:3:   layout_regular_city, swamp_mist, dummy_snake_entry,
          ebering_ghost_rock_garden
Lair:4:   wad_woods_04, layout_regular_city, minmay_slime_entry_oklob_enclosed,
          grunt_megastairs_4
Lair:5:   grunt_lair_end_beastmaster, layout_regular_city, basic_altar,
          serial_bayou_lagoon_b, lemuel_fruit_fields
Orc:1:    layout_caves, nicolae_orc_crystal_geode
Orc:2:    st_orc_open, layout_caves, serial_shops, shop, basic_altar,
          enter_volcano_4, mines2_david

Notes
Turn   | Place    | Note
-------+----------+-------------------------------------------
     0 | D:1      | scionoferis the Troll Earth Elementalist began the quest
                  | for the Orb.
     0 | D:1      | Reached XP level 1. HP: 16/16 MP: 1/1
   158 | D:1      | Reached skill level 1 in Unarmed Combat
   162 | D:1      | Reached XP level 2. HP: 26/26 MP: 2/2
  1085 | D:2      | Reached skill level 2 in Dodging
  1085 | D:2      | Reached XP level 3. HP: 32/32 MP: 3/3
  1216 | D:2      | Reached skill level 1 in Fighting
  1216 | D:2      | Reached skill level 2 in Unarmed Combat
  2088 | D:3      | Reached XP level 4. HP: 41/41 MP: 4/4
  2131 | D:3      | Found a faded altar of an unknown god.
  2292 | D:3      | Identified the +0 robe "Camoziokk" {Dex+5}
  2438 | D:3      | Reached skill level 3 in Unarmed Combat
  2456 | D:3      | Reached XP level 5. HP: 41/48 MP: 5/5
  2639 | D:4      | Reached skill level 1 in Throwing
  2683 | D:4      | Reached skill level 2 in Fighting
  2777 | D:4      | Reached skill level 4 in Unarmed Combat
  2777 | D:4      | Reached XP level 6. HP: 53/57 MP: 6/6
  3014 | D:4      | Reached skill level 3 in Dodging
  3082 | D:4      | Reached skill level 2 in Throwing
  3103 | D:4      | Reached XP level 7. HP: 55/66 MP: 7/7
  3138 | D:4      | Reached skill level 5 in Unarmed Combat
  3165 | D:4      | Found a staircase to the Ecumenical Temple.
  3172 | Temple   | Entered the Ecumenical Temple
  3197 | Temple   | Became a worshipper of Sif Muna the Loreminder
  3215 | D:4      | Found an ancient bone altar of Kikubaaqudgha.
  3220 | D:4      | Found a snail-covered altar of Cheibriados.
  3223 | D:4      | Found a hide-covered altar of Uskayaw.
  3223 | D:4      | Found a hazy altar of Hepliaklqana.
  3230 | D:4      | Found a stormy altar of Qazlal.
  3273 | D:4      | Got A Beginning Course on Sorcery
  3510 | D:5      | Entered Level 5 of the Dungeon
  3523 | D:5      | Noticed Sigmund
  3554 | D:5      | Killed Sigmund
  3555 | D:5      | Reached skill level 3 in Fighting
  3555 | D:5      | Reached skill level 1 in Invocations
  3599 | D:5      | Noticed Eustachio
  3617 | D:5      | Killed Eustachio
  3618 | D:5      | Reached skill level 2 in Invocations
  3618 | D:5      | Reached XP level 8. HP: 60/75 MP: 8/8
  3872 | D:5      | Noticed Ijyb
  3893 | D:5      | Noticed Pikel
  3919 | D:5      | Killed Pikel
  3920 | D:5      | Reached skill level 3 in Throwing
  3920 | D:5      | Reached skill level 4 in Dodging
  3920 | D:5      | Reached skill level 6 in Unarmed Combat
  3920 | D:5      | Reached skill level 3 in Invocations
  3983 | D:5      | Killed Ijyb
  4151 | D:5      | Reached * piety under Sif Muna
  4157 | D:5      | Reached XP level 9. HP: 51/84 MP: 10/10
  4407 | D:5      | Reached skill level 4 in Invocations
  4720 | D:6      | Reached skill level 7 in Unarmed Combat
  4769 | D:6      | Found Ajirgh Wibev's General Store.
  4772 | D:6      | Bought a potion of might for 52 gold pieces
  4772 | D:6      | Bought a scroll of identify for 26 gold pieces
  4830 | D:6      | Reached skill level 4 in Fighting
  5041 | D:6      | Reached skill level 4 in Throwing
  5223 | D:6      | Reached ** piety under Sif Muna
  5760 | D:7      | Reached skill level 5 in Invocations
  5835 | D:7      | Reached skill level 8 in Unarmed Combat
  5844 | D:7      | HP: 6/85 [something (11)]
  5881 | D:7      | Reached skill level 5 in Dodging
  5927 | D:7      | Reached XP level 10. HP: 66/93 MP: 13/13
  6015 | D:7      | Reached skill level 6 in Invocations
  6155 | D:7      | Found a sand-covered staircase.
  6182 | Ossuary  | Entered an ossuary
  6363 | Ossuary  | Reached skill level 5 in Throwing
  6384 | Ossuary  | Reached skill level 5 in Fighting
  7014 | D:8      | Found Jaoheinn's Antique Armour Emporium.
  7032 | D:8      | Bought a runed hat for 140 gold pieces
  7032 | D:8      | Bought a glowing cloak for 150 gold pieces
  7058 | D:8      | Noticed a two-headed ogre
  7160 | D:8      | Killed a two-headed ogre
  7161 | D:8      | Reached skill level 1 in Shields
  7161 | D:8      | Reached skill level 9 in Unarmed Combat
  7373 | D:8      | Reached *** piety under Sif Muna
  7479 | D:8      | Found a staircase to the Lair.
  7592 | D:9      | Reached skill level 1 in Evocations
  8150 | D:9      | Reached skill level 7 in Invocations
  8356 | D:9      | Reached XP level 11. HP: 90/101 MP: 15/15
  8369 | D:9      | Reached skill level 2 in Shields
  8551 | D:10     | Entered Level 10 of the Dungeon
  8612 | D:10     | Noticed an obsidian statue
  8615 | D:10     | Noticed a soul eater
  8615 | D:10     | Noticed a sun demon
  8636 | D:10     | Found a sparkling altar of Nemelex Xobeh.
  8731 | D:9      | Reached skill level 2 in Evocations
  8849 | D:10     | Reached **** piety under Sif Muna
  8981 | D:9      | Reached skill level 1 in Armour
  8981 | D:9      | Reached skill level 6 in Dodging
  9003 | D:10     | Reached skill level 10 in Unarmed Combat
  9308 | D:10     | Found a radiant altar of Vehumet.
  9339 | D:10     | Noticed an orange crystal statue
  9863 | D:11     | Reached skill level 6 in Throwing
 10016 | D:11     | Reached skill level 3 in Shields
 10409 | D:11     | Found a staircase to the Orcish Mines.
 10538 | D:12     | Reached skill level 8 in Invocations
 10689 | D:12     | Reached skill level 6 in Fighting
 10834 | D:12     | Noticed Erolcha
 10848 | D:12     | Reached skill level 2 in Armour
 10917 | D:12     | Noticed a two-headed ogre
 10930 | D:12     | Killed a two-headed ogre
 10931 | D:12     | Reached XP level 12. HP: 114/114 MP: 17/17
 11021 | D:12     | Reached skill level 3 in Evocations
 11631 | Lair:1   | Entered Level 1 of the Lair of Beasts
 11701 | Lair:1   | Noticed a catoblepas
 11756 | Lair:1   | Killed a catoblepas
 12181 | Lair:1   | You fall into a shaft and drop 1 floor!
 12224 | Lair:2   | Reached ***** piety under Sif Muna
 12367 | Lair:2   | Received a gift from Sif Muna
 12380 | Lair:2   | Reached skill level 4 in Shields
 12380 | Lair:2   | Reached skill level 11 in Unarmed Combat
 12393 | Lair:2   | Got Kociryf's Codex of Forceful Displacement {god gift}
 12532 | Lair:2   | Found a gate leading to a gauntlet.
 12549 | Gauntlet | Entered a Gauntlet
 12549 | Gauntlet | Found a transporter.
 12558 | Gauntlet | Found a transporter.
 12573 | Gauntlet | Found a transporter.
 12578 | Gauntlet | Found a transporter.
 12599 | Gauntlet | Found a transporter.
 12612 | Gauntlet | Found a transporter.
 12620 | Gauntlet | Noticed a death yak
 12620 | Gauntlet | Noticed a death yak
 12620 | Gauntlet | Noticed a death yak
 12620 | Gauntlet | Noticed a death yak
 12627 | Gauntlet | Found a transporter.
 12627 | Gauntlet | Noticed a death scarab
 12636 | Gauntlet | Found a transporter.
 12645 | Gauntlet | Noticed a dire elephant
 12647 | Gauntlet | Noticed a catoblepas
 12648 | Gauntlet | Found a transporter.
 12660 | Gauntlet | Found a transporter.
 12666 | Gauntlet | Found a transporter.
 12666 | Gauntlet | Found a transporter.
 12705 | Gauntlet | Found a transporter.
 12730 | Gauntlet | Found a transporter.
 12732 | Gauntlet | Found a transporter.
 12752 | Gauntlet | Found a transporter.
 12832 | Gauntlet | Found a transporter.
 12834 | Gauntlet | Noticed a death scarab
 12854 | Gauntlet | Found a transporter.
 13120 | Gauntlet | Reached skill level 3 in Armour
 13168 | Gauntlet | Identified the +0 cloak of Lucidity {rC+++ Str-4 Dex+4}
 13205 | Gauntlet | Noticed a minotaur
 13216 | Gauntlet | Killed a minotaur
 13217 | Gauntlet | Reached skill level 9 in Invocations
 14135 | Lair:3   | Found a staircase to the Snake Pit.
 14301 | Lair:3   | Found a runed translucent gate.
 14301 | Lair:3   | Found a runed translucent gate.
 14301 | Lair:3   | Found a runed translucent gate.
 14303 | Lair:3   | Found a staircase to the Swamp.
 14823 | Lair:3   | Reached skill level 7 in Throwing
 14934 | Lair:3   | Noticed Leaxt's ghost (journeyman MiBe)
 15277 | Lair:4   | Identified the +1 robe of Elyvilon, Loving {rPois Str-4
                  | Dex+4}
 15347 | Lair:4   | Noticed a death yak
 15358 | Lair:4   | Noticed a death yak
 15372 | Lair:4   | Killed a death yak
 15379 | Lair:4   | Reached XP level 13. HP: 113/123 MP: 17/19
 15412 | Lair:4   | Reached skill level 4 in Armour
 15460 | Lair:4   | Reached skill level 4 in Evocations
 16037 | Lair:4   | Reached skill level 5 in Shields
 16173 | Lair:4   | Found a viscous altar of Jiyva.
 16735 | Lair:4   | HP: 8/123 [oklob plant/splash of acid (32)]
 17118 | Lair:5   | Entered Level 5 of the Lair of Beasts
 17155 | Lair:5   | Reached skill level 7 in Fighting
 17187 | Lair:5   | Found a sparkling altar of Nemelex Xobeh.
 17681 | Lair:5   | Reached skill level 12 in Unarmed Combat
 17831 | Lair:5   | Found the ring of Shadows {Umbra +Inv Stlth+}
 18163 | Lair:5   | Reached skill level 5 in Armour
 18268 | Lair:5   | Reached skill level 10 in Invocations
 19271 | Orc:1    | Entered Level 1 of the Orcish Mines
 19327 | Orc:1    | Received a gift from Sif Muna
 19330 | Orc:1    | Got Sif Muna's Tractate on Arenous Blasts {god gift}
 19656 | Orc:1    | Reached XP level 14. HP: 120/133 MP: 20/20
 19877 | Orc:2    | Entered Level 2 of the Orcish Mines
 19877 | Orc:2    | Found Vugim's Distillery.
 19965 | Orc:2    | Found Nivuhudgh's Weapon Shop.
 20082 | Orc:1    | Slain by a troll

Vanquished Creatures
  3 hydras (Lair:4 Lair:5)
  2 catoblepae (Lair:1 Lair:5)
  A boulder beetle (Lair:5)
  11 death yaks (Lair:4 Lair:5)
  A deep troll shaman (Lair:5)
  6 two-headed ogres (D:8 D:12 Orc:2 Orc:1)
  A sixfirhy (Gauntlet)
  A deep troll (Orc:2)
  An orc knight (Orc:1)
  Pikel (D:5)
  2 cyclopes (D:11 Orc:2)
  A manticore (D:12)
  9 elephants (Lair:2 Lair:5)
  2 black mambas (Lair:3 Lair:4)
  A torpor snail (Lair:3)
  3 cane toads (Lair:1 Lair:4 Lair:5)
  A gargoyle (D:12)
  6 komodo dragons (Lair:4 Lair:5)
  2 kobold demonologists (D:9 D:12)
  2 rime drakes (Lair:3)
  8 trolls (D:9 D:10 D:12 Orc:1 Orc:2)
  2 polar bears (Lair:5)
  4 blink frogs (Lair:4)
  3 slime creatures (D:12)
  Sigmund (D:5)
  4 dream sheep (Lair:4)
  3 shadows (D:9 D:12 Gauntlet)
  A spriggan (Lair:4)
  59 yaks (D:7 D:9 D:10 D:11 D:12)
  Eustachio (D:5)
  5 wyverns (D:9 Lair:2 Lair:3 Lair:5)
  3 wraiths (Ossuary D:10)
  A basilisk (Lair:5)
  3 steam dragons (D:7 D:8 Gauntlet)
  12 vampire mosquitoes (D:5 D:11 D:12)
  2 wargs (Orc:1)
  2 acid dragons (D:8 D:9)
  11 water moccasins (D:7 D:9 Lair:1 Lair:2 Lair:3)
  9 orc warriors (D:11 Orc:1 Orc:2)
  3 sky beasts (D:7 D:8)
  2 black bears (D:4 Lair:5)
  5 wolves (Lair:4 Lair:5)
  11 ogres (D:4 D:6 D:7 Orc:1 Orc:2)
  4 centaurs (D:9 D:11)
  2 kobold brigands (D:8 D:10)
  11 bullfrogs (D:6 D:7 D:8 D:9 Lair:2)
  2 gnoll sergeants (D:9 D:10)
  3 scorpions (D:4 D:6)
  2 necrophages (D:4 D:6)
  17 wights (D:6 D:7 Ossuary D:9)
  10 killer bees (D:9 D:10)
  2 howler monkeys (D:8 D:9)
  A hound (D:6)
  A jelly (D:5)
  4 gnoll boudas (D:4 D:6 D:7)
  10 orc priests (D:6 D:7 D:10 D:11 Orc:1)
  2 iguanas (D:5 D:6)
  Ijyb (D:5)
  15 orc wizards (D:6 D:7 D:9 D:10 D:11)
  34 gnolls (D:3 D:4 D:6 D:7 D:9)
  14 adders (D:2 D:3 D:4 D:5 D:6)
  3 ufetubi (D:5 Gauntlet)
  2 worms (D:4)
  3 dart slugs (D:1 D:4)
  66 orcs (D:4 D:5 D:6 D:7 D:9)
  5 bats (D:1 D:2 D:3)
  3 endoplasms (D:1 D:3)
  4 giant cockroaches (D:1 D:3 D:4)
  A goblin (D:2)
  4 hobgoblins (D:2 D:3 D:4)
  3 jackals (D:3)
  2 quokkas (D:4)
  5 ball pythons (D:1 D:2)
  2 ball python skeletons (Ossuary)
  5 frilled lizards (D:1 D:2)
  2 hobgoblin skeletons (Ossuary)
  16 kobolds (D:1 D:2 D:4 D:8 D:10)
  A kobold zombie (Ossuary)
  2 orc skeletons (Ossuary)
  2 orc zombies (Ossuary)
  7 rats (D:1 D:2 D:3)
  A bush (D:11)
486 creatures vanquished.

Vanquished Creatures (collateral kills)
  A minotaur (Gauntlet)
1 creature vanquished.

Vanquished Creatures (others)
  16 fungi (Lair:2 Lair:3 Lair:5)
  63 plants (D:4 D:5 Lair:1 Lair:3 Lair:4)
79 creatures vanquished.

Grand Total: 566 creatures vanquished

Table legend: (Time is in decaauts)
 A = Elapsed time spent in this place.
 B = Non-inter-level travel time spent in this place.
 C = Inter-level travel time spent in this place.
 D = Time resting spent in this place.
 E = Time spent auto-exploring this place.
 F = Levels seen in this place.
 G = Mean time per level.
                   A        B        C        D        E       F      G
               +--------+--------+--------+--------+--------+-----+--------+
         Total |  19991 |  18739 |   1252 |   1238 |  11334 |  22 |  908.7 |
       Dungeon |  11423 |  10774 |    649 |    440 |   7081 |  12 |  951.9 |
        Temple |     34 |     26 |      8 |      0 |     10 |   1 |   34.0 |
          Lair |   6700 |   6157 |    543 |    784 |   3325 |   5 | 1340.0 |
  Orcish Mines |    786 |    735 |     51 |      0 |    383 |   2 |  393.0 |
       Ossuary |    259 |    259 |      0 |      7 |    138 |   1 |  259.0 |
      Gauntlet |    786 |    786 |      0 |      5 |    397 |   1 |  786.0 |
               +--------+--------+--------+--------+--------+-----+--------+

Top non-repeatable levels by time:
  Lair:4: 2013 daAuts
  Lair:5: 1884 daAuts
     D:9: 1201 daAuts
  Lair:2: 1169 daAuts
    D:10: 1158 daAuts
     D:7: 1082 daAuts
     D:6: 1068 daAuts
     D:5: 1057 daAuts
  Lair:3: 1023 daAuts
    D:12: 981 daAuts
     D:4: 980 daAuts
     D:1: 950 daAuts
     D:3: 816 daAuts
Gauntlet: 786 daAuts
    D:11: 778 daAuts

Table legend:
 A = Non-vault XP
 B = Vault XP
 C = Vault XP percentage of total XP
 D = Non-vault monster count
 E = Vault monster count
 F = Vault count percentage of total count
                 A         B        C        D         E       F
            +---------+---------+-------+---------+---------+-------
      Total |   42641 |   29660 |  41.0 |     383 |     103 |  21.2
            +---------+---------+-------+---------+---------+-------
        D:1 |      30 |       0 |   0.0 |      17 |       0 |   0.0
        D:2 |      44 |       0 |   0.0 |      14 |       0 |   0.0
        D:3 |     130 |       0 |   0.0 |      20 |       0 |   0.0
        D:4 |     693 |      98 |  12.4 |      29 |       5 |  14.7
        D:5 |     703 |    1131 |  61.7 |      17 |       4 |  19.0
        D:6 |    1351 |       0 |   0.0 |      36 |       0 |   0.0
        D:7 |    2371 |       0 |   0.0 |      26 |       0 |   0.0
        D:8 |    1515 |       0 |   0.0 |      13 |       0 |   0.0
        D:9 |    6097 |       0 |   0.0 |      45 |       0 |   0.0
       D:10 |    1728 |       0 |   0.0 |      20 |       0 |   0.0
       D:11 |    2157 |     361 |  14.3 |      14 |      18 |  56.2
       D:12 |    4880 |       0 |   0.0 |      17 |       0 |   0.0
     Lair:1 |     709 |    1871 |  72.5 |       3 |       6 |  66.7
     Lair:2 |    3240 |     815 |  20.1 |      10 |       4 |  28.6
     Lair:3 |    4310 |       0 |   0.0 |      19 |       0 |   0.0
     Lair:4 |    4291 |    6427 |  60.0 |      15 |      15 |  50.0
     Lair:5 |    5239 |    9931 |  65.5 |      16 |      17 |  51.5
      Orc:1 |    2819 |     827 |  22.7 |      45 |       1 |   2.2
      Orc:2 |     334 |    5470 |  94.2 |       7 |      14 |  66.7
    Ossuary |       0 |     583 | 100.0 |       0 |      13 | 100.0
   Gauntlet |       0 |    2146 | 100.0 |       0 |       6 | 100.0
            +---------+---------+-------+---------+---------+-------
